 Dungeon Crawl Stone Soup version 0.24-a0-584-g9d6b971 (webtiles) character file.

Game seed: 498365508784895766, levelgen mode: deterministic

141 turt the Chopper (level 5, 0/47 HPs)
             Began as a Hill Orc Berserker on Sept 3, 2019.
             Was a Believer of Trog.
             Slain by a black bear (5 damage)
             ... on level 2 of the Dungeon.
             The game lasted 00:10:57 (1363 turns).

turt the Chopper (Hill Orc Berserker)               Turns: 1363, Time: 00:10:58

Health: 0/47       AC:  8    Str: 21    XL:     5   Next: 24%
Magic:  5/5        EV: 10    Int:  7    God:    Trog [**....]
Gold:   46         SH:  0    Dex: 10    Spells: 4/4 levels left

rFire    . . .     SeeInvis .   a - +0 hand axe
rCold    . . .     Gourm    .   (no shield)
rNeg     . . .     Faith    .   g - +0 scale mail
rPois    +         Spirit   .   p - +0 helmet
rElec    .         Reflect  .   (no cloak)
rCorr    .         Harm     .   (no gloves)
MR       .....                  (no boots)
Stlth    ..........             (no amulet)
HPRegen  0.15/turn              d - ring of poison resistance
MPRegen  0.09/turn              (no ring)

@: berserk cooldown
A: no striking features
a: Berserk, Trog's Hand, Renounce Religion


You were on level 2 of the Dungeon.
You worshipped Trog.
Trog was pleased with you.
You were near starving.

You visited 1 branch of the dungeon, and saw 2 of its levels.

You collected 46 gold pieces.

Inventory:

Hand Weapons
 a - a +0 hand axe (weapon)
Armour
 b - a +0 animal skin
 g - a +0 scale mail (worn)
 p - a +0 helmet (worn)
Jewellery
 d - a ring of poison resistance (left hand)
Scrolls
 e - 3 scrolls of teleportation {unknown}
 h - a scroll of enchant weapon {unknown}
 i - a scroll of fear {unknown}
 j - a scroll of immolation {unknown}
 k - 2 scrolls of identify {unknown}
 l - a scroll of enchant armour {unknown}
 n - a scroll of remove curse {unknown}
Potions
 m - a potion of cancellation {unknown}
 o - a potion of brilliance {unknown}
 q - a potion of degeneration {unknown}
Comestibles
 c - a ration


   Skills:
 + Level 4.4 Fighting
 + Level 5.7 Axes
 * Level 3.5 Armour
 + Level 2.0 Dodging
 + Level 0.3 Stealth


You had 4 spell levels left.
You didn't know any spells.
Your spell library was empty.

Dungeon Overview and Level Annotations

Branches:
Dungeon (2/15)

Altars:


Message History

You hit the black bear.
The black bear is almost dead.
The black bear completely misses you. The black bear claws you.
* * * LOW HITPOINT WARNING * * *
The black bear claws you.
* * * LOW HITPOINT WARNING * * *
The black bear closely misses you.
The black bear claws you but does no damage. x2
You barely miss the black bear.
The black bear is almost dead.
The black bear bites you.
* * * LOW HITPOINT WARNING * * *
The black bear claws you but does no damage. x2
The black bear bites you but does no damage.
The black bear claws you but does no damage.
The black bear misses you.
You hit the black bear.
The black bear is almost dead.
You completely miss the dart slug. The black bear bites you.
You die...

.... #..................
....##.............#+#..
...................#.#..
...........###..........
...........#............
........)..#............
......)....#............
...........###....#.....
.......@...###..........
......wh................
........................
........................
...#......#######.......
...#......# #....... ..
+......# #.......
≈≈.....# #.......
#.......


You could see a black bear (berserk) and a dart slug.

Vanquished Creatures
  An ogre (D:2)
  2 adders (D:2)
  2 leopard geckos
  4 bats (D:1)
  6 giant cockroaches (D:1)
  5 goblins
  5 hobgoblins
  2 quokkas (D:2)
  2 frilled lizards (D:1)
  4 kobolds
  3 rats
36 creatures vanquished.

Notes
Turn   | Place    | Note
-------+----------+-------------------------------------------
     0 | D:1      | turt the Hill Orc Berserker began the quest for the Orb.
     0 | D:1      | Reached XP level 1. HP: 19/19 MP: 1/1
   119 | D:1      | Reached XP level 2. HP: 13/27 MP: 2/2
   565 | D:1      | Reached XP level 3. HP: 33/33 MP: 3/3
   591 | D:1      | Reached ** piety under Trog
   972 | D:2      | Reached skill level 5 in Axes
  1331 | D:2      | Noticed an ogre
  1337 | D:2      | Killed an ogre
  1337 | D:2      | Reached XP level 4. HP: 41/41 MP: 4/4
  1337 | D:2      | Reached XP level 5. HP: 47/47 MP: 5/5
  1350 | D:2      | Noticed a black bear
  1363 | D:2      | Slain by a black bear

Levels and vault maps discovered:
D:1:      psy_arrival_radial01, layout_basic
D:2:      layout_basic, kennysheep_slug_shrine

Skill      XL: |  1  2  3  4  5 |
---------------+----------------+-----
Fighting       | 4 |  4.4
Axes           | 5 |  5.7
Armour         | 3 |  3.5
Dodging        | 2 |  2.0
Stealth        | |  0.3

Action                   |  1- 3 |  4- 6 || total
-------------------------+-------+-------++-------
Melee: Hand axe          |   128 |    22 ||   150
Invok: Berserk           |     2 |       ||     2
  Eat: Chunk             |     2 |       ||     2
Armor: Animal skin       |    13 |       ||    13
       Scale mail        |    30 |    23 ||    53
Dodge: Dodged            |    83 |    18 ||   101

Table legend:
 A = Non-vault XP
 B = Vault XP
 C = Vault XP percentage of total XP
 D = Non-vault monster count
 E = Vault monster count
 F = Vault count percentage of total count
                 A         B        C        D         E       F
            +---------+---------+-------+---------+---------+-------
      Total |     202 |       0 |   0.0 |      36 |       0 |   0.0
            +---------+---------+-------+---------+---------+-------
        D:1 |      40 |       0 |   0.0 |      23 |       0 |   0.0
        D:2 |     162 |       0 |   0.0 |      13 |       0 |   0.0
            +---------+---------+-------+---------+---------+-------
